 Dungeon Crawl Stone Soup version 0.18-a0-1496-g27d3123 (webtiles) character file.

1647 Oddball22 the Vexing (level 9, -2/38 HPs)
             Began as a Vine Stalker Enchanter on Mar 4, 2016.
             Slain by an ice beast (8 damage)
             ... on level 6 of the Dungeon.
             The game lasted 00:16:58 (4671 turns).

Oddball22 the Vexing (Vine Stalker Enchanter)       Turns: 4671, Time: 00:16:58

Health: -2/38      AC: 12    Str: 14    XL:     9   Next: 0%
Magic:  0/19       EV: 11    Int: 15    God:
Gold:   189        SH:  0    Dex: 20    Spells: 5 memorised, 8 levels left

rFire  . . .     SeeInvis .     v - +2 quarterstaff (chaos)
rCold  . . .     Gourm    .     J - +5 ring mail of Wyigan {Dex+3}
rNeg   + . .     Faith    .     (shield currently unavailable)
rPois  .         Spirit   +     (helmet restricted)
rElec  .         Dismiss  .     w - +0 cloak
rCorr  .         Reflect  .     n - +0 pair of gloves
SustAt .         Harm     .     (no boots)
MR     ++...                    s - amulet of magic regeneration
Stlth  ++........               L - ring of positive energy
                                u - ring of protection from magic

@: very resistant to hostile enchantments, unstealthy
A: antennae 1, fangs 3, frail 1, regeneration 2, strong 1, magic shield,
antimagic bite, no device heal 3, rot immunity
a: no special abilities


You were on level 6 of the Dungeon.
You were not hungry.

You visited 2 branches of the dungeon, and saw 7 of its levels.

You collected 231 gold pieces.
You spent 42 gold pieces at shops.

Inventory:

Hand Weapons
 r - a +2 dagger of venom
 v - a +2 quarterstaff of chaos (weapon)
Missiles
 a - 12 bolts of frost
 t - 9 javelins (quivered)
 x - 40 bolts
Armour
 b - a +1 robe
 n - a +0 pair of gloves (worn)
 w - a +0 cloak (worn)
 J - the +5 ring mail of Wyigan (worn) {Dex+3}
   (You found it on level 5 of the Dungeon)

   It affects your dexterity (+3).
Jewellery
 s - an amulet of magic regeneration (around neck)
 u - a ring of protection from magic (left hand)
 L - a ring of positive energy (right hand)
Wands
 y - a wand of digging (4/24)
 A - a wand of acid (3/15)
 D - a wand of polymorph (6/24)
 E - a wand of lightning (11/15)
 H - a wand of flame (18/48)
Scrolls
 e - a scroll of enchant armour {unknown}
 g - 3 scrolls of remove curse
 i - 2 scrolls of amnesia {unknown}
 j - 2 scrolls of noise {unknown}
 l - a scroll of recharging {unknown}
 m - 4 scrolls of teleportation {unknown}
 p - 3 scrolls of identify
 q - 4 scrolls of fog {unknown}
 z - a scroll of blinking {unknown}
 I - a scroll of enchant weapon {unknown}
Potions
 f - a potion of agility
 h - 2 potions of haste
 o - 5 potions of curing
 B - a potion of lignification
 F - a potion of brilliance {unknown}
 G - a potion of flight {unknown}
 K - a potion of resistance {unknown}
Books
 c - a book of Maledictions

   Spells                             Type                      Level
   a - Corona                         Hexes                        1
   b - Ensorcelled Hibernation        Hexes/Ice                    2
   c - Confuse                        Hexes                        3
   d - Tukima's Dance                 Hexes                        3
   e - Dazzling Spray                 Conjuration/Hexes            3
Comestibles
 d - 5 bread rations
 k - a slice of pizza
 C - a beef jerky
 M - 17 chunks of flesh


   Skills:
 + Level 2.3 Fighting
 + Level 3.9 Short Blades
 + Level 0.7 Armour
 + Level 1.9 Dodging
 - Level 3.6 Stealth
 - Level 6.2 Spellcasting
 - Level 6.7 Hexes
 - Level 4.2 Ice Magic


You had 8 spell levels left.
You knew the following spells:

 Your Spells              Type           Power        Failure   Level  Hunger
a - Corona                Hex            ###....      1%          1    None
b - Ensorcelled Hibernat  Hex/Ice        ###...       6%          2    #......
c - Confuse               Hex            ###.....     8%          3    ##.....
d - Tukima's Dance        Hex            ###.....     8%          3    ##.....
e - Dazzling Spray        Conj/Hex       ##......     28%         3    ##.....


Dungeon Overview and Level Annotations

Branches:
Dungeon (6/15)             Temple (1/1) D:4

Altars:
Cheibriados
Dithmenos
Elyvilon
Fedhas
Gozag
Kikubaaqudgha
Makhleb
Nemelex Xobeh
Okawaru
Pakellas
Qazlal
Sif Muna
Trog
Vehumet
Xom
Yredelemnul
Zin
The Shining One

Shops:
D:4 !


Innate Abilities, Weirdness & Mutations

You have razor-sharp teeth.
You heal very quickly.
When hurt, damage is shared between your health and your magic reserves.
Your bite disrupts and absorbs the magic of your enemies.
Potions and wands cannot restore your health.
You are immune to rotting.
You have a pair of small antennae on your head.
You are frail (-10% HP).
Your muscles are strong. (Str +2)


Message History

Your base attributes are Str 11, Int 15, Dex 17.
Increase (S)trength, (I)ntelligence, or (D)exterity?
You feel stronger.
The ice beast hits you but does no damage.
You completely miss the ice beast.
You bite the ice beast, but do no damage.
The ice beast barely misses you.
You hit the ice beast but do no damage. The ice beast barely misses you.
You hit the ice beast.
You melt the ice beast.
The ice beast is lightly wounded.
The ice beast hits you but does no damage.
You hit the ice beast. You bite the ice beast. You drain its power.
You feel invigorated.
The ice beast is heavily wounded.
The ice beast hits you.
* * * LOW HITPOINT WARNING * * *
The ice beast freezes you!
* * * LOW HITPOINT WARNING * * *
The ice beast hits you. The ice beast freezes you!
You die...

#.....###.....#
#.##### #.....# .#
..# #.....# .#.
..### #.....##..
......####..#....#
.##......#.##.#.##
.####.##...##...# #
###............###.#
..##.#...#..oY@..#
#...####.###....#
##..##...# #..##
####.o.o### ....
..###....#### ###..
....)....{..# .
#....(...##.....
#......#..# ####
#......##.#


You could see an ice beast and an orc.

Vanquished Creatures
  The ghost of namelastname112 the Grappler, an amateur DrMo of Nemelex Xobeh (D:5)
  An orc warrior (D:6)
  An ice beast (D:5)
  3 ogres
  A giant frog (D:6)
  A gnoll sergeant (D:5)
  A giant frog zombie (D:6)
  A crimson imp (D:6)
  Crazy Yiuf (D:2)
  A centaur skeleton (D:4)
  2 giant frog skeletons
  2 hounds
  A jelly (D:5)
  An orc priest (D:4)
  3 orc wizards (D:4)
  Jessica (D:2)
  An iguana (D:6)
  Natasha (thrice) (D:2)
  4 worker ants
  A hound skeleton (D:5)
  11 gnolls
  8 adders
  An ooze (D:3)
  An adder zombie (D:5)
  5 worms
  2 dart slugs (D:1)
  A giant gecko (D:2)
  7 orcs
  5 giant cockroaches
  4 goblins
  3 hobgoblins
  8 jackals
  8 kobolds
  2 quokkas (D:5)
  8 bats
  5 giant newts
  12 rats
122 creatures vanquished.

Notes
Turn   | Place    | Note
--------------------------------------------------------------
     0 | D:1      | Oddball22 the Vine Stalker Enchanter began the quest for the Orb.
     0 | D:1      | Reached XP level 1. HP: 9/9 MP: 4/4
    36 | D:1      | Reached skill level 1 in Short Blades
   252 | D:1      | Reached XP level 2. HP: 11/13 MP: 6/6
   821 | D:1      | Gained mutation: You are frail (-10% HP). [potion of mutation]
   821 | D:1      | Gained mutation: Your muscles are strong. (Str +2) [potion of mutation]
   821 | D:1      | Gained mutation: You have a pair of small antennae on your head. [potion of mutation]
   921 | D:1      | Reached XP level 3. HP: 3/15 MP: 3/7
  1055 | D:2      | Learned a level 2 spell: Ensorcelled Hibernation
  1059 | D:2      | Learned a level 3 spell: Confuse
  1112 | D:2      | Reached skill level 1 in Fighting
  1312 | D:2      | Found an oddly glowing altar of Pakellas.
  1359 | D:2      | Noticed Natasha
  1371 | D:2      | Killed Natasha
  1371 | D:2      | Reached XP level 4. HP: 8/19 MP: 4/9
  1457 | D:2      | Noticed Crazy Yiuf
  1468 | D:2      | Killed Crazy Yiuf
  1586 | D:2      | Noticed Jessica
  1590 | D:2      | Noticed Natasha
  1600 | D:2      | Killed Natasha
  1600 | D:2      | Reached XP level 5. HP: 20/22 MP: 11/11
  1625 | D:2      | Killed Jessica
  1708 | D:2      | Noticed Natasha
  1725 | D:2      | Killed Natasha
  1736 | D:3      | Found a bloodstained altar of Trog.
  2132 | D:3      | Gained mutation: You heal very quickly. [Vine Stalker growth]
  2132 | D:3      | Reached XP level 6. HP: 27/27 MP: 13/13
  2318 | D:3      | Learned a level 3 spell: Tukima's Dance
  2322 | D:3      | Learned a level 3 spell: Dazzling Spray
  2623 | D:4      | Reached XP level 7. HP: 26/31 MP: 15/15
  2670 | D:4      | Found Zujyhicwo's Distillery.
  2673 | D:4      | Bought a potion of lignification for 42 gold pieces
  2714 | D:4      | Reached skill level 5 in Spellcasting
  2736 | D:4      | Found a white marble altar of Elyvilon.
  2807 | D:4      | Found a staircase to the Ecumenical Temple.
  2894 | D:4      | Found a basalt altar of Yredelemnul.
  3115 | D:5      | Entered Level 5 of the Dungeon
  3189 | Temple   | Entered the Ecumenical Temple
  3674 | D:5      | Reached skill level 5 in Hexes
  3787 | D:5      | Gained mutation: You have razor-sharp teeth. [Vine Stalker growth]
  3787 | D:5      | Reached XP level 8. HP: 30/35 MP: 16/18
  3813 | D:5      | Reached skill level 1 in Ice Magic
  3948 | D:5      | Found an iron altar of Okawaru.
  3956 | D:5      | Got an encrusted ring mail
  3958 | D:5      | Identified the +5 ring mail of Wyigan {Dex+3} (You found it on level 5 of the Dungeon)
  4009 | D:5      | Noticed namelastname112's ghost (amateur DrMo)
  4038 | D:5      | Killed namelastname112's ghost
  4667 | D:6      | Reached XP level 9. HP: 8/38 MP: 6/19
  4671 | D:6      | Slain by an ice beast

Vault maps used:
D:1:      dpeg_arrival_short_road, minmay_misc_feat_tower,
          hangedman_decor_diamond_cutter
D:2:      grunt_pakellas_basics, uniq_crazy_yiuf_cottage, uniq_jessica,
          uniq_natasha
D:3:      lemuel_crystal_altar
D:4:      lemuel_coloured_pillars_altar, minmay_temple_entry_purple_smoke,
          serial_shops, nicolae_shop_behind_doors, first_bread, elyvilon_altar_5
D:5:      minmay_misc_feat_diagonals, okawaru_metal_pillars_3
D:6:      lemuel_castle_with_subvaults
Temple:   nicolae_temple_the_god_donut

Skill      XL: |  1  2  3  4  5  6  7  8 |
---------------+-------------------------+-----
Short Blades   | 1 2 3 |  3.9
Fighting       | 1 2 |  2.3
Spellcasting   | 3 4 6 |  6.2
Hexes          | 4 5 6 |  6.7
Ice Magic      | 4 |  4.2
Armour         | |  0.7
Dodging        | |  1.9
Stealth        | |  3.6

Action                   |  1- 3 |  4- 6 |  7- 9 || total
-------------------------+-------+-------+-------++-------
Melee: Dagger            |   116 |    72 |   161 ||   349
       Quarterstaff      |       |    44 |    40 ||    84
Throw: Javelin           |       |       |     1 ||     1
 Cast: Corona            |     6 |       |       ||     6
       Ensorcelled Hiber |     1 |     3 |     9 ||    13
       Confuse           |       |       |     3 ||     3
  Use: Potion            |     4 |     4 |       ||     8
       Scroll            |       |       |     2 ||     2
 Stab: Sleeping          |     8 |    13 |     5 ||    26
       Distracted        |     1 |     2 |     1 ||     4
       Invisible         |       |     1 |       ||     1
  Eat: Chunk             |     2 |     4 |     7 ||    13
